[Event "Team 45 45 League T26"]
[Site "Free Internet Chess Server"]
[Date "PDT.04.0"]
[Round "4"]
[White "RomaLavrn"]
[Black "twinders"]
[Result "1-0"]
[WhiteElo "1782"]
[BlackElo "1641"]
[TimeControl "2700+45"]

1. d4 d5 2. c4 c6 3. Nf3 Nf6 4. Nc3 g6 5. e3 Bg7 6. b3 O-O 7. Bb2 Bg4 8. h3 Bf5 9. Bd3 Bxd3 10. Qxd3 Nbd7 11. O-O Qb6 12. Rfe1 dxc4 13. Qxc4 Rfe8 14. e4 e5 15. dxe5 Nxe5 16. Nxe5 Rxe5 17. Na4 Qc7 18. Bxe5 Qxe5 19. Nc5 b5 20. Qc2 Rc8 21. Rad1 Qe7 22. Re2 Bf8 23. Nd3 c5 24. Nf4 Qb7 25. e5 Nd7 26. e6 fxe6 27. Rxe6 Rc6 28. Qe4 Nb8 29. Qd5 Kg7 30. Re8 Bd6 31. Ne6+ Kh6 32. Qg5#   {Black checkmated} 1-0

[Event "Team 45 45 League T26"]
[Site "Free Internet Chess Server"]
[Date "PDT.04.0"]
[Round "4"]
[White "AlesD"]
[Black "LLIAMAH"]
[Result "0-1"]
[WhiteElo "1603"]
[BlackElo "1754"]
[TimeControl "2700+45"]

1. d4 Nf6 2. e3 e6 3. Nf3 c5 4. c3 d5 5. Bd3 cxd4 6. exd4 Nc6 7. O-O Be7 8. Re1 Qc7 9. Nbd2 a6 10. Nf1 h6 11. Bd2 b5 12. Qc1 Na5 13. Bf4 Bd6 14. Ne5 Nc4 15. Bg3 Bb7 16. Nd2 Nh5 17. Qc2 Nxg3 18. Bxc4 dxc4 19. fxg3 O-O 20. Ndf3 Rae8 21. Re2 f6 22. Ng6 Rf7 23. Rae1 Bd5 24. Qd2 Kh7 25. Nf4 Bxf4 26. gxf4 Rfe7 27. Kf2 Qa5 28. a3 Qc7 29. g3 Qb7 30. Re3 e5 31. fxe5 Bxf3 32. Rxf3 fxe5 33. Qc2+ Kg8 34. Rxe5 Rxe5 35. dxe5 Rxe5 36. Qd2 Qe7 37. Re3 Qc5 38. Ke2 Rd5 39. Qc1 Rd8 40. Re4 Qh5+ 41. Ke1 Qxh2 42. Qf4 Qxb2 43. Rd4 Qxc3+   {White resigns} 0-1

[Event "Team 45 45 League T26"]
[Site "Free Internet Chess Server"]
[Date "2005.04.11"]
[Round "4"]
[White "jjgsmm"]
[Black "rgadoury"]
[Result "1/2-1/2"]
[WhiteElo "1527"]
[BlackElo "1415"]
[TimeControl "2700+45"]

1. e4 d6 2. d4 c6 3. Nc3 e5 4. dxe5 dxe5 5. Qxd8+ Kxd8 6. Nf3 f6 7. a3 Be6 8. Be3 Nd7 9. O-O-O b6 10. h3 Kc7 11. Be2 Bc5 12. Bxc5 Nxc5 13. Rd2 Ne7 14. Rhd1 Rhd8 15. Ne1 Rxd2 16. Rxd2 Rd8 17. Nd3 Nxd3+ 18. Bxd3 a5 19. Ne2 h6 20. c4 f5 21. exf5 Bxf5 22. Bxf5 Rxd2 23. Kxd2 Nxf5 24. Kd3 Nd6 25. Ng3 a4 26. Ne4 Nxe4 27. Kxe4 Kd6 28. h4 Ke6 29. g4 g6 30. f4 exf4 31. Kxf4 Kf6 32. g5+ hxg5+ 33. hxg5+ Ke6 34. Ke4 Kd6 35. Kd4 Ke6 36. c5 b5 37. Ke4 Kf7 38. Ke5 Ke7 39. Kd4 Ke6 40. Ke4 Kf7 41. Kd4 Ke6 42. Ke4 Kf7   {Game drawn by repetition} 1/2-1/2

[Event "Team 45 45 League T26"]
[Site "Free Internet Chess Server"]
[Date "2005.04.10"]
[Round "4"]
[White "Triplea"]
[Black "PawnSensei"]
[Result "0-1"]
[WhiteElo "1261"]
[BlackElo "1399"]
[TimeControl "2700+45"]

1. e4 e5 2. Nf3 Nc6 3. Bc4 Nf6 4. d3 d5 5. exd5 Nxd5 6. Bxd5 Qxd5 7. Nc3 Bb4 8. Bd2 Bxc3 9. Bxc3 Bg4 10. h3 Bh5 11. g4 e4 12. gxh5 exf3 13. Bxg7 Rg8 14. Bc3 Qxh5 15. Qd2 O-O-O 16. O-O-O Rde8 17. Qf4 Rg2 18. Rdf1 Re2 19. Rh2 Ne7 20. Bd4 Nd5   {White resigns} 0-1

[Event "Team 45 45 League T26"]
[Site "Free Internet Chess Server"]
[Date "PDT.04.0"]
[Round "4"]
[White "FusterCluck"]
[Black "mrlount"]
[Result "1-0"]
[WhiteElo "1685"]
[BlackElo "1648"]
[TimeControl "2700+45"]

1. Nc3 d5 2. d4 Nf6 3. Bg5 c5 4. Nf3 Nc6 5. e3 Qa5 6. Qd2 cxd4 7. Bxf6 exf6 8. Nxd4 Bd7 9. Nb3 Qd8 10. Qxd5 Nb4 11. Qd2 Bf5 12. Bb5+ Ke7 13. Nd4 Bg6 14. O-O-O a6 15. Bc4 Rc8 16. Bb3 Ke8 17. a3 Rxc3 18. Qxc3 Nd5 19. Bxd5 Qxd5 20. Qc8+ Ke7 21. Nb3 Qf5 22. Qxb7+ Ke6 23. Nd4+   {Black resigns} 1-0

[Event "Team 45 45 League T26"]
[Site "Free Internet Chess Server"]
[Date "PDT.04.0"]
[Round "4"]
[White "xplan"]
[Black "thelovegambit"]
[Result "0-1"]
[WhiteElo "1558"]
[BlackElo "1591"]
[TimeControl "2700+45"]

1. e4 e6 2. d4 d5 3. exd5 exd5 4. Nc3 Nf6 5. Nf3 Bg4 6. h3 Bh5 7. Be2 Bd6 8. O-O O-O 9. Re1 Nc6 10. Bg5 Bb4 11. Qd3 Bg6 12. Qe3 Re8 13. Qf4 Nh5 14. Qd2 Qd6 15. Bd3 Bxd3 16. Qxd3 Re6 17. Rxe6 fxe6 18. a3 Ba5 19. Qe3 Bb6 20. Nb5 Qd7 21. Ne5 Nxe5 22. Qxe5 Qxb5 23. Qxe6+ Kh8 24. Re1 Bxd4 25. Qe8+ Rxe8 26. Rxe8+ Qxe8   {White resigns} 0-1

[Event "Team 45 45 League T26"]
[Site "Free Internet Chess Server"]
[Date "PDT.04.0"]
[Round "4"]
[White "Aul"]
[Black "Hartford"]
[Result "0-1"]
[WhiteElo "1598"]
[BlackElo "1635"]
[TimeControl "2700+45"]

1. d4 c5 2. e3 d5 3. c3 e6 4. Bd3 Bd6 5. Nd2 Nf6 6. f4 O-O 7. Ngf3 c4 8. Bc2 Nc6 9. Ne5 Bd7 10. O-O b5 11. g4 b4 12. g5 bxc3 13. bxc3 Ne8 14. Qh5 g6 15. Qh6 Nxe5 16. fxe5 Be7 17. h4 Qa5 18. Bb2 Ba4 19. Bd1 Rb8 20. Rb1 Bxd1 21. Rfxd1 Qxa2 22. Ba1 Rxb1 23. Nxb1 Ng7 24. Rf1 Nf5 25. Rxf5 exf5 26. h5 Qxb1+ 27. Kf2 Qxa1 28. hxg6 hxg6 29. e6 Qxc3 30. exf7+ Kxf7 31. Qh7+ Ke8 32. Qxg6+ Kd7 33. Qg7 f4   {White resigns} 0-1

[Event "Team 45 45 League T26"]
[Site "Free Internet Chess Server"]
[Date "2005.04.11"]
[Round "4"]
[White "TStrobaugh"]
[Black "Haknor"]
[Result "0-1"]
[WhiteElo "1414"]
[BlackElo "1600"]
[TimeControl "2700+45"]

1. e4 c6 2. d4 d5 3. exd5 cxd5 4. Nf3 Nf6 5. h3 Bf5 6. Bb5+ Nc6 7. Ne5 Qc7 8. O-O a6 9. Bxc6+ bxc6 10. Bf4 Qb6 11. Qc1 Rc8 12. c3 Nd7 13. Nxf7 Kxf7 14. Nd2 Nf6 15. Nf3 e6 16. Be5 Be7 17. Qg5 Qd8 18. Bxf6 Bxf6 19. Ne5+ Bxe5 20. Qxd8 Rcxd8 21. dxe5 c5 22. g4 Be4 23. f3 Bd3 24. Rf2 d4 25. Re1 Bb5 26. cxd4 cxd4 27. f4 d3 28. f5 Bc4 29. b3 Bb5 30. fxe6+ Kxe6 31. a4 Bc6 32. Rd2 Rhf8 33. Re3 Rf3 34. Rxf3 Bxf3 35. Kf2 Bc6 36. Ke3 Kxe5 37. Rxd3 Rxd3+ 38. Kxd3 Kf4 39. Kd4 Kg3 40. Kc5 Bg2 41. b4 Kxh3 42. b5 axb5 43. axb5 Kxg4 44. b6 h5 45. Kd6 h4 46. Kc7 h3 47. b7 Bxb7 48. Kxb7 h2 49. Kc7 h1=Q 50. Kd7 Kf5 51. Ke7 Qe4+ 52. Kf8 g5 53. Kg7 g4 54. Kh6 Qf4+ 55. Kh5 Qg5#   {White checkmated} 0-1

[Event "Team 45 45 League T26"]
[Site "Free Internet Chess Server"]
[Date "PDT.04.0"]
[Round "4"]
[White "cerebero"]
[Black "Louro"]
[Result "0-1"]
[WhiteElo "1819"]
[BlackElo "1914"]
[TimeControl "2700+45"]

1. d4 Nf6 2. c4 g6 3. Nc3 d5 4. Bf4 c6 5. e3 Bg7 6. Nf3 O-O 7. Qb3 e6 8. Rc1 c5 9. dxc5 Nc6 10. Bd6 Re8 11. cxd5 Nxd5 12. Nxd5 exd5 13. Bb5 Qa5+ 14. Nd2 Nd4 15. Qa4 Qxb5 16. Qxb5 Nxb5 17. a4   {White resigns} 0-1

[Event "Team 45 45 League T26"]
[Site "Free Internet Chess Server"]
[Date "PDT.04.0"]
[Round "4"]
[White "mandragora"]
[Black "RomaLavrn"]
[Result "0-1"]
[WhiteElo "1788"]
[BlackElo "1799"]
[TimeControl "2700+45"]

1. e4 c6 2. d4 d5 3. e5 Bf5 4. Nf3 e6 5. Be2 Ne7 6. O-O Nd7 7. Be3 h6 8. Re1 Qb6 9. Qc1 Bh7 10. Nbd2 Nf5 11. Nf1 Nxe3 12. Nxe3 c5 13. c3 Rc8 14. Qd1 Qxb2 15. Qa4 cxd4 16. Bb5 Rc7 17. cxd4 Bb4 18. Red1 a6 19. Bxd7+ Rxd7 20. Rac1 Ke7 21. Nc2 Bxc2 22. Rxc2 Qa3 23. Qxa3 Bxa3 24. Rb1 b5 25. Rb3 b4 26. Ne1 Ra8 27. Nd3 a5 28. Nc5 Rc7 29. Kf1 Rac8 30. Ke2 a4 31. Rg3 b3 32. axb3 axb3 33. Rxb3 Bxc5 34. dxc5 Rxc5 35. Rb7+ Ke8 36. Rxc5 Rxc5 37. Kd3 h5 38. h3 Rc4 39. Rb8+ Kd7 40. g3 g6 41. Rf8 Ke7 42. Rb8 Rc7 43. g4 hxg4 44. hxg4 Rc4 45. f3 Ra4 46. Rb3 g5 47. Ke3 Kf8 48. Rb8+ Kg7 49. Rb3 Ra6 50. f4 f6 51. exf6+ Kxf6 52. fxg5+ Kxg5 53. Kf3 Ra4 54. Re3 Rf4+ 55. Ke2 Rf6 56. Rg3 Kh4 57. Rg1 e5 58. g5 Rg6 59. Kf3 d4 60. Rg2 Kh5 61. Ke4 Rxg5 62. Rh2+ Kg6 63. Rh8 Kf7 64. Rh7+ Ke6 65. Rh6+ Kd7 66. Kd5 Kc7 67. Kc5 d3 68. Rh7+ Kd8 69. Rh8+ Ke7 70. Rh7+ Ke6 71. Rh6+ Kf5 72. Rd6 e4 73. Kd4 Kf4 74. Kc3 Ke3 75. Kb2 Rg2+ 76. Kc1 Rg1+ 77. Kb2 d2   {White resigns} 0-1

[Event "Team 45 45 League T26"]
[Site "Free Internet Chess Server"]
[Date "2005.04.10"]
[Round "4"]
[White "JoeytheBudgie"]
[Black "RobertKaucher"]
[Result "0-1"]
[WhiteElo "1789"]
[BlackElo "1699"]
[TimeControl "2700+45"]

1. e4 c5 2. Nf3 d6 3. d4 cxd4 4. Nxd4 Nf6 5. Nc3 a6 6. Bg5 e6 7. f4 Qc7 8. Bxf6 gxf6 9. Qf3 b5 10. Bd3 Nd7 11. O-O-O Bb7 12. Kb1 b4 13. Nce2 Nc5 14. Ng3 Rc8 15. Rc1 f5 16. Rhe1 Bg7 17. Qf2 fxe4 18. Nxe4 Nxe4 19. Bxe4 Bxe4 20. Rxe4 d5 21. Nxe6 fxe6 22. Rxe6+ Kf7 23. Rxa6 Ra8 24. Rxa8 Rxa8 25. Qf3 Qc4 26. Qb3 Qxb3 27. cxb3 Rd8 28. Rc7+ Kg8 29. Rb7 d4 30. Rxb4 d3 31. Kc1 Bxb2+ 32. Kd2 Bc3+ 33. Kxc3 d2 34. Rb8 d1=Q 35. Rxd8+ Qxd8 36. b4 Kf7 37. a4 Qc7+ 38. Kb3 Qxf4 39. a5 Qe3+ 40. Ka4 Qe8+ 41. b5 Qe4+ 42. Kb3 Ke7 43. a6 Qe3+ 44. Kc2 Qb6   {White resigns} 0-1

[Event "Team 45 45 League T26"]
[Site "Free Internet Chess Server"]
[Date "PDT.04.0"]
[Round "4"]
[White "malevolentmick"]
[Black "zcomcon"]
[Result "1-0"]
[WhiteElo "1709"]
[BlackElo "1710"]
[TimeControl "2700+45"]

1. e4 e6 2. d4 b6 3. Bd3 Bb7 4. c4 Bb4+ 5. Bd2 Bxd2+ 6. Qxd2 f5 7. Nc3 Qh4 8. d5 Na6 9. O-O-O Nc5 10. Nf3 Nxd3+ 11. Qxd3 Qf4+ 12. Kb1 fxe4 13. Nxe4 O-O-O 14. Rhe1 exd5 15. cxd5 Nf6 16. Nxf6 Qxf6 17. Re2 d6 18. Rc2 h6 19. Nd4 Bxd5 20. Nb5 c6 21. Qxd5 Rd7 22. Qxc6+ Kd8 23. Re1   {Black resigns} 1-0

[Event "Team 45 45 League T26"]
[Site "Free Internet Chess Server"]
[Date "2005.04.11"]
[Round "4"]
[White "gfsg"]
[Black "Akavall"]
[Result "1-0"]
[WhiteElo "1964"]
[BlackElo "1905"]
[TimeControl "2700+45"]

1. e4 e5 2. Nf3 Nc6 3. Bb5 Nge7 4. c3 g6 5. d4 Bg7 6. d5 Nb8 7. d6 cxd6 8. Qxd6 Nbc6 9. O-O O-O 10. Bg5 h6 11. Bh4 g5 12. Bg3 f5 13. Bxe5 Nxe5 14. Nxe5 fxe4 15. Ng4 Nf5 16. Qd5+ Kh7 17. Nd2 d6 18. Ne3 Qb6 19. Nxe4 Nxe3 20. fxe3 Qxe3+ 21. Kh1 Bg4 22. Nxd6 Bh5 23. Bd3+ Kh8 24. Nf5 Qb6 25. Nxg7 Kxg7 26. Qd7+ Bf7 27. Bc4 Qg6 28. Qxb7 Rab8 29. Qxa7 Ra8 30. Qd4+ Kg8 31. Rf6 Qh5 32. g4   {Black resigns} 1-0

[Event "Team 45 45 League T26"]
[Site "Free Internet Chess Server"]
[Date "2005.04.10"]
[Round "4"]
[White "impe"]
[Black "BlkSabb"]
[Result "1/2-1/2"]
[WhiteElo "1718"]
[BlackElo "1717"]
[TimeControl "2700+45"]

1. e4 d6 2. d4 Nf6 3. Nc3 g6 4. Be3 Bg7 5. f3 O-O 6. Qd2 a6 7. g4 b5 8. h4 e5 9. d5 h5 10. gxh5 Nxh5 11. O-O-O b4 12. Na4 a5 13. Bh6 Bd7 14. Bxg7 Kxg7 15. b3 Rh8 16. Qf2 Bxa4 17. bxa4 Nd7 18. Bc4 Rh6 19. Ne2 Qe7 20. Rdg1 Nc5 21. Bb3 Rah8 22. Ng3 Nxg3 23. Rxg3 Rxh4 24. Rhg1 Rh1 25. Qf1 Rxg1 26. Rxg1 Rh2 27. Rg2 Qh4 28. Kb2 Rxg2 29. Qxg2 Qd8 30. a3 Qd7 31. axb4 Nxa4+ 32. Bxa4 Qxa4 33. bxa5 Qb4+ 34. Kc1 Qxa5 35. Qe2 Qa1+ 36. Kd2 Qa5+ 37. Kd1 Qc3 38. Qg2 Qe3 39. Qe2 Qb6 40. Qd3 Qc5 41. Ke2 f6 42. Qb3 f5 43. Qa4 fxe4 44. Qd7+ Kh6 45. Qh3+ Kg7 46. Qd7+ Kf6 47. Qe6+ Kg7 48. Qd7+ Kh6 49. Qh3+ Kg7 50. Qd7+ Kf8 51. Qd8+ Kf7 52. Qd7+ Kf6 53. Qe6+ Kg7 54. Qd7+ Kh6 55. Qh3+   {Game drawn by repetition} 1/2-1/2

[Event "Team 45 45 League T26"]
[Site "Free Internet Chess Server"]
[Date "PDT.04.0"]
[Round "4"]
[White "threeNT"]
[Black "fernbap"]
[Result "1-0"]
[WhiteElo "1709"]
[BlackElo "1664"]
[TimeControl "2700+45"]

1. e4 e5 2. Nf3 Nc6 3. Bb5 a6 4. Ba4 Nf6 5. O-O Be7 6. Re1 b5 7. Bb3 d6 8. c3 O-O 9. h3 Nb8 10. d4 Nbd7 11. Nh4 Nxe4 12. Nf5 Nef6 13. Qf3 Rb8 14. Bd1 Re8 15. Qg3 Bf8 16. Bh6 g6 17. Bxf8 Nxf8 18. Ne3 Ne4 19. Qf3 f5 20. Bb3+ Be6 21. dxe5 dxe5 22. Rd1 Nd6 23. Nd2 Kg7 24. Qc6 Rb6 25. Qc5 Nd7 26. Qa3 Qa8 27. Nf3 Qc6 28. Nd5 Bxd5 29. Bxd5 Qc5 30. b4 Nc4 31. bxc5 Nxa3 32. cxb6 Nxb6 33. Ng5   {Black resigns} 1-0

[Event "Team 45 45 League T26"]
[Site "Free Internet Chess Server"]
[Date "PDT.04.0"]
[Round "4"]
[White "Berk"]
[Black "HotDonut"]
[Result "0-1"]
[WhiteElo "1727"]
[BlackElo "1874"]
[TimeControl "2700+45"]

1. e4 c6 2. d4 d5 3. exd5 cxd5 4. Nf3 Nc6 5. Bb5 Nf6 6. O-O Bg4 7. Bg5 e6 8. Nc3 Be7 9. Qd3 Bxf3 10. Qxf3 O-O 11. Rad1 h6 12. Bh4 a6 13. Bxc6 bxc6 14. Qe2 Rb8 15. b3 Qa5 16. Rd3 Rfc8 17. Rh3 c5 18. dxc5 Rxc5 19. Na4 Rc6 20. c3 Rbc8 21. Rc1 Qb5 22. Qf3 d4 23. c4 Rxc4 24. bxc4 Rxc4 25. Qd1 Qxa4 26. Rd3 Qxd1+ 27. Rcxd1 e5 28. f4 e4 29. Rb3 d3 30. Bxf6 Bxf6 31. Kf1 Bd4 32. Ra3 Rc2 33. Ra4 e3 34. Rxd4 e2+ 35. Ke1 exd1=Q+ 36. Kxd1 Rxa2 37. Rxd3 Rxg2 38. Ra3 Rg6 39. Ke2 Re6+ 40. Kf3 f5 41. Ra5 g6 42. h4 Kf7 43. h5 Kf6 44. hxg6 Kxg6 45. Kg3 Kf6 46. Kf3 Kg6 47. Kg3 Rf6 48. Kh4 Kf7 49. Re5 Kg6 50. Kg3 Rc6 51. Kh4 Rb6 52. Ra5 Kf7 53. Kh5 Rf6 54. Re5 Kg7 55. Ra5 Rb6 56. Re5 Rb5 57. Re6 a5 58. Rxh6 Kf7 59. Kg5 Ke7 60. Kh4 Kd7 61. Kg3 Kc7 62. Kf3 Kb7 63. Ke3 a4 64. Kd3 a3 65. Rh2 Rb2 66. Rh1 a2   {White resigns} 0-1

[Event "Team 45 45 League T26"]
[Site "Free Internet Chess Server"]
[Date "2005.04.10"]
[Round "4"]
[White "chesswake"]
[Black "RFFISCHER"]
[Result "0-1"]
[WhiteElo "1738"]
[BlackElo "1628"]
[TimeControl "2700+45"]

1. d4 Nf6 2. c4 e6 3. Nc3 Bb4 4. Bg5 O-O 5. e3 d6 6. Bd3 Nbd7 7. Ne2 c5 8. dxc5 Bxc5 9. a3 a6 10. Qc2 Qc7 11. b4 Ba7 12. O-O h6 13. Bh4 g5 14. Bg3 Ne5 15. Bxe5 dxe5 16. Ne4 Nxe4 17. Bxe4 f5 18. Bd3 e4 19. Bxe4 fxe4 20. Qxe4 Qf7 21. c5 Bd7 22. Qxb7 Bb5 23. Qxf7+ Rxf7 24. Rfe1 Bxe2 25. Rxe2 Rd8 26. Rc2 Rfd7 27. Kf1 Bb8 28. Ke2 Kf7 29. a4 Rb7 30. c6 Rc7 31. b5 axb5 32. axb5 Ba7 33. Ra6 Rb8 34. Rb2 Rb6 35. Rba2 Rxa6 36. Rxa6 Bc5 37. Kd3 Ke7 38. Kc4 Kd6 39. b6 Rxc6 40. b7 Ba7+ 41. Rxc6+ Kxc6 42. Kd3 Kxb7 43. Ke4 Bb8 44. Kf3 Bxh2 45. g3 Bxg3 46. fxg3 h5 47. Ke4 Kc6 48. Ke5 h4 49. gxh4 gxh4 50. Kf4 Kd5 51. Kg4   {White resigns} 0-1

[Event "Team 45 45 League T26"]
[Site "Free Internet Chess Server"]
[Date "PDT.04.0"]
[Round "4"]
[White "MattBinMi"]
[Black "MStav"]
[Result "1-0"]
[WhiteElo "1537"]
[BlackElo "1696"]
[TimeControl "2700+45"]

1. e4 d6 2. d4 Nf6 3. Bc4 e5 4. dxe5 Nxe4 5. Bxf7+ Kxf7 6. Qf3+ Kg8 7. Qxe4 d5 8. Qd3 Be6 9. Nf3 Be7 10. Nd4 Qd7 11. Nc3 c6 12. Be3 Na6 13. O-O-O Nc5 14. Qe2 Bg4 15. f3 Bh5 16. g4 Bf7 17. f4 Ne6 18. f5 Nxd4 19. Bxd4 Bg5+ 20. Kb1 Qc7 21. e6 Be8 22. Be5 Qe7 23. Bg3 h5 24. h4 Bf6 25. g5 Bxc3 26. bxc3 b5 27. Be5 b4 28. f6 Qxe6 29. Qd3 Qxe5 30. Rhe1 Qxc3 31. Qf5 g6 32. Rxe8+ Rxe8 33. f7+ Kh7 34. fxe8=Q Rxe8 35. Qf7+ Qg7 36. Qxe8 a5 37. Qxc6 Qc3 38. Qxc3 bxc3 39. Rxd5   {Black resigns} 1-0

[Event "Team 45 45 League T26"]
[Site "Free Internet Chess Server"]
[Date "PDT.04.0"]
[Round "4"]
[White "twinders"]
[Black "Hartford"]
[Result "1/2-1/2"]
[WhiteElo "1626"]
[BlackElo "1652"]
[TimeControl "2700+45"]

1. d4 Nf6 2. e3 e6 3. Bd3 d5 4. Nf3 c5 5. c3 Bd6 6. Nbd2 O-O 7. O-O Nc6 8. e4 cxd4 9. cxd4 Nb4 10. Bb1 dxe4 11. Nxe4 Nbd5 12. Nxd6 Qxd6 13. a3 b6 14. Bd2 Bb7 15. Ne5 Rfc8 16. Re1 Rc7 17. Ba2 Rac8 18. Bxd5 Qxd5 19. Nf3 Qf5 20. Ne5 Nd5 21. Qf3 Ne7 22. Qxf5 Nxf5 23. Bc3 Bd5 24. Ng4 h5 25. Ne3 Nxe3 26. fxe3 f5 27. Kf2 g5 28. Kg3 h4+ 29. Kf2 g4 30. Kg1 Rh7 31. Rf1 Be4 32. Rf2 Rcc7 33. Rd2 Rcd7 34. Rc1 Rc7 35. Rcd1 Rhd7 36. Kf2 Kf7 37. Rc1 Kg6 38. Rdd1 Kh5 39. Bb4 Rc2+ 40. Rxc2 Bxc2 41. Rd2 Be4 42. Bf8 h3 43. gxh3 gxh3 44. Kg3 Bg2 45. Kf4 Rc7 46. Bd6 Rc6 47. Be5 a5 48. Bf6 b5 49. Be7 a4 50. Bc5 Be4 51. Rd1 Bg2 52. Rd2 Rc8 53. Rc2 Be4 54. Rc3 Bg2 55. Bd6 Rxc3 56. bxc3 Bd5 57. Be5 Bg2 58. Bd6 Be4 59. Be7 Bd5 60. Kg3 Bg2 61. Bf6 Kg6 62. Be5 Kf7 63. Kf4 Ke7 64. Kg3 Kd7 65. Bg7 Kc6 66. Bf8 Kd5 67. Kf4 Kc4 68. Bb4 Kd3 69. Ba5 Kc4 70. Bb4 Kb3 71. Kg3 Kc4 72. Kf2 Kd3 73. Ba5 Ke4 74. Bb4 f4 75. exf4 Kxf4 76. Ke2 Ke4 77. Kd2 Kd5 78. Ba5 e5 79. dxe5 Kxe5 80. Bc7+ Kd5 81. Bd8 Kc4 82. Be7 Kd5 83. Bh4 Ke4 84. Bg3 Kf3 85. Bd6 Bf1 86. Bg3 Bc4 87. Bd6   {Game drawn by mutual agreement} 1/2-1/2

[Event "Team 45 45 League T26"]
[Site "Free Internet Chess Server"]
[Date "PDT.04.0"]
[Round "4"]
[White "Nogger"]
[Black "AlefZero"]
[Result "1-0"]
[WhiteElo "2154"]
[BlackElo "2198"]
[TimeControl "2700+45"]

1. c4 e6 2. Nf3 Nf6 3. d4 Bb4+ 4. Bd2 a5 5. g3 b6 6. Bg2 Ba6 7. b3 O-O 8. O-O c6 9. Qc2 Bxd2 10. Nbxd2 d5 11. Rfd1 Nbd7 12. e4 dxe4 13. Nxe4 Qc7 14. Nxf6+ Nxf6 15. Ne5 Bb7 16. c5 b5 17. a4 b4 18. Rd2 Rad8 19. Re1 Nd5 20. Nc4 Nc3 21. Nd6 Rd7 22. Qd3 Rfd8 23. Qe3 Rxd6 24. cxd6 Rxd6 25. Qe5 Qd8 26. f4 g6 27. g4 Nd5 28. g5 Ne7 29. Be4 Nf5 30. Bxf5 gxf5 31. Rc1 Rd5 32. Qe3 Qd6 33. Rc5 Kf8 34. h4 Ke7 35. h5 Kd7 36. h6 Ba8 37. Kh2 Bb7 38. Kg3 Kc8 39. Rxd5 Qxd5 40. Rc2 Qh1 41. Rc1 Qd5 42. Kh2 e5 43. dxe5 Kd7 44. Rc5 Qd1 45. Kg3 Ke6 46. Rxa5 c5 47. Rxc5 Qg4+ 48. Kf2 Qg2+ 49. Ke1 Bf3 50. Rc1 Qh1+ 51. Kd2 Qg2+ 52. Kd3 Be4+ 53. Kc4 Bc2 54. Kxb4 Qc6 55. Qc5 Qb7+ 56. Qb5 Qe7+ 57. Qc5 Qb7+ 58. Qb5 Qe7+ 59. Kc3 Be4 60. Qb6+   {Black resigns} 1-0

[Event "Team 45 45 League T26"]
[Site "Free Internet Chess Server"]
[Date "2005.04.11"]
[Round "4"]
[White "ZaKrzutek"]
[Black "fege"]
[Result "1-0"]
[WhiteElo "2145"]
[BlackElo "2107"]
[TimeControl "2700+45"]

1. e4 e6 2. d3 d5 3. Nd2 Nc6 4. Ngf3 Nf6 5. e5 Nd7 6. d4 f6 7. Bb5 fxe5 8. Nxe5 Ndxe5 9. dxe5 Be7 10. Qh5+ g6 11. Qh6 Bf8 12. Qe3 Bg7 13. h4 Bd7 14. Bxc6 Bxc6 15. Nf3 Bd7 16. Qd3 c5 17. Bg5 Qb6 18. h5 Qxb2 19. O-O Bb5 20. Qe3 Bxf1 21. h6 Qxa1 22. hxg7 Rg8 23. Bf6 d4 24. Qf4 Be2+ 25. Kh2 Bxf3 26. Qxf3 Qb2 27. Bg5 Qb5 28. Bh6 Qd7 29. Qf8+   {Black resigns} 1-0

[Event "Team 45 45 League T26"]
[Site "Free Internet Chess Server"]
[Date "2005.04.11"]
[Round "4"]
[White "IAmTheWalrus"]
[Black "CamyC"]
[Result "1-0"]
[WhiteElo "2116"]
[BlackElo "1991"]
[TimeControl "2700+45"]

1. c4 Nf6 2. Nc3 g6 3. e4 d6 4. d4 Bg7 5. f3 O-O 6. Be3 Nc6 7. Nge2 a6 8. Qd2 Rb8 9. Bh6 Bxh6 10. Qxh6 b5 11. cxb5 axb5 12. h4 e5 13. d5 Nd4 14. Nxd4 exd4 15. Ne2 Re8 16. h5 Qe7 17. Nxd4 Qe5 18. O-O-O Ra8 19. Bxb5 Rxa2 20. Kb1 Ra8 21. hxg6 fxg6 22. Bxe8 Qxe8 23. Qh4 Kf7 24. Rd3 Qa4 25. Ra3 Qxd4 26. Rxa8 Ba6 27. Qh6 Qd3+ 28. Ka1 Bc8 29. Rc1   {Black resigns} 1-0

[Event "Team 45 45 League T26"]
[Site "Free Internet Chess Server"]
[Date "PDT.04.0"]
[Round "4"]
[White "damienthorn"]
[Black "LNO"]
[Result "0-1"]
[WhiteElo "1812"]
[BlackElo "1849"]
[TimeControl "2700+45"]

1. e4 e6 2. d4 d5 3. Nc3 Nf6 4. e5 Nfd7 5. Nf3 c5 6. Be3 Nc6 7. Bb5 Qb6 8. b3 cxd4 9. Bxd4 Nxd4 10. Qxd4 Bc5 11. Bxd7+ Bxd7 12. Qd2 Rc8 13. Nb1 Bb5 14. a3 O-O 15. Nc3 Ba6 16. Na4 Qc6 17. Nxc5 Qxc5 18. Ra2 f6 19. b4 Qc4 20. Rb2 fxe5 21. Nxe5 Qe4+ 22. Qe3 Qxg2   {White resigns} 0-1

[Event "Team 45 45 League T26"]
[Site "Free Internet Chess Server"]
[Date "2005.04.13"]
[Round "4"]
[White "Regnmanden"]
[Black "BladezII"]
[Result "1/2-1/2"]
[WhiteElo "2187"]
[BlackElo "2180"]
[TimeControl "2700+45"]

1. d4 Nf6 2. Bg5 c5 3. Bxf6 gxf6 4. d5 Qb6 5. Qc1 f5 6. c4 Bg7 7. Nc3 d6 8. e3 Nd7 9. Qc2 Ne5 10. Nh3 Bd7 11. Nf4 Rg8 12. O-O-O a6 13. Nh5 Bh8 14. Ng3 Ng4 15. Nxf5 Qb4 16. a3 Bxf5 17. Qxf5 Qb3 18. Rd3 b5 19. Qxh7 Kf8 20. Nd1 Qa2 21. Rd2 b4 22. Qb1 Qb3 23. Qc2 Qa2 24. Qb1   {Game drawn by mutual agreement} 1/2-1/2

[Event "Team 45 45 League T26"]
[Site "Free Internet Chess Server"]
[Date "PDT.04.0"]
[Round "4"]
[White "Ninaber"]
[Black "adingod"]
[Result "1-0"]
[WhiteElo "2106"]
[BlackElo "1784"]
[TimeControl "2700+45"]

1. d4 Nf6 2. c4 g6 3. Nc3 d5 4. Nf3 Bg7 5. Bg5 c6 6. e3 O-O 7. Bd3 Bg4 8. Bxf6 exf6 9. cxd5 cxd5 10. Qb3 Be6 11. Qxb7 Nd7 12. Bb5 Nb6 13. Rc1 Qd6 14. O-O Rfb8 15. Qc6 Qb4 16. Qc5 Qxb2 17. Rb1 Qc2 18. Rfc1 Qf5 19. Bc6 Bf8 20. Qb5 a6 21. Qb3 Nc4 22. Qxb8 Rxb8 23. Rxb8 Kg7 24. h3 Bd6 25. Ra8 Ba3 26. e4 dxe4 27. Bxe4 Qf4 28. Rc2 Bb4 29. g3 Qd6 30. Ra7 f5 31. Ba8 Na3 32. Rc1 Bc4 33. Rb7 Bxc3 34. Rxc3 Bd5 35. Kg2 Nb5 36. Rxb5 axb5 37. Bxd5 Qxd5 38. Rc5 Qb7 39. d5 b4 40. d6 Kf6 41. h4 Ke6 42. Rc7 Qb6 43. Re7+ Kxd6 44. Rxf7 Kc5 45. Rxh7 Qa5 46. Rg7 Qxa2 47. Rxg6 b3 48. Rg8 b2 49. Rc8+ Kd6 50. Nd2 Qa1 51. Rb8 Qc1 52. Rxb2 Qxb2 53. Nc4+   {Black resigns} 1-0

[Event "Team 45 45 League T26"]
[Site "Free Internet Chess Server"]
[Date "2005.04.10"]
[Round "4"]
[White "qire"]
[Black "Darmik"]
[Result "0-1"]
[WhiteElo "1980"]
[BlackElo "2116"]
[TimeControl "2700+45"]

1. e4 c5 2. Nf3 Nc6 3. Nc3 d6 4. Bb5 Bd7 5. Bxc6 Bxc6 6. d4 cxd4 7. Nxd4 Rc8 8. Nxc6 Rxc6 9. O-O Nf6 10. Qe2 e6 11. Rd1 Qb6 12. Kh1 Be7 13. f3 a6 14. Na4 Qc7 15. Nc3 b5 16. a3 O-O 17. Be3 Nd7 18. Rac1 Rc8 19. Bd4 Nb6 20. Na2 Qb7 21. Nb4 R6c7 22. Bxb6 Qxb6 23. c3 a5 24. Nd3 Rc4 25. g3 Qc7 26. Qe3 h6 27. h4 d5 28. e5 Qb7 29. Kg2 Bc5 30. Nxc5 R4xc5 31. Rd4 b4 32. axb4 axb4 33. Rg4 Kf8 34. c4 Rxc4 35. Rcxc4 dxc4 36. Qd2 c3 37. bxc3 bxc3 38. Qc2 h5 39. Rf4 Kg8 40. Re4 Qb5 41. Re3 Qc5 42. Kf2 g6 43. f4 Qd5 44. Rd3 Qxd3 45. Qxd3 c2   {White resigns} 0-1

[Event "Team 45 45 League T26"]
[Site "Free Internet Chess Server"]
[Date "2005.04.10"]
[Round "4"]
[White "trener"]
[Black "RussoTuristo"]
[Result "0-1"]
[WhiteElo "1882"]
[BlackElo "1841"]
[TimeControl "2700+45"]

1. d4 d6 2. Nf3 g6 3. c4 Bg7 4. Nc3 Nc6 5. d5 Ne5 6. Nxe5 dxe5 7. e4 e6 8. Be2 Ne7 9. h4 h6 10. h5 g5 11. g4 O-O 12. Be3 b6 13. Qd2 f5 14. f3 exd5 15. cxd5 fxe4 16. fxe4 a6 17. O-O-O Qd6 18. Kb1 Bb7 19. Rhf1 b5 20. Ka1 c6 21. dxc6 Qxd2 22. Rxd2 Bxc6 23. Bc5 Rf7 24. Rd6 Rxf1+ 25. Bxf1 Bf8 26. a3 Kf7 27. Be2 Rc8 28. Rd1 Ng8 29. Be3 Nf6 30. Bf3 Bd7 31. Rg1 Bxa3 32. Nd5 Nxd5 33. exd5 Bc5   {White resigns} 0-1